Map: Proxima Station LE

Players

Rodzyn

  • Race: Protoss Protoss
  • League: Grandmaster
  • Spawn Location: 1:00

MCanning - Winner!

  • Race: Protoss Protoss
  • League: Master
  • Spawn Location: 7:00

VOD

Have the link to the VOD?

Description

Time

  • Played on: April 26, 2017, 3:10 a.m.
  • Length: 23:47
Show
View Real Time Build Order
Export as new Build Order

Rodzyn Protoss 

Build Orders: Oracle Opening 

Get SALT Encoding   

  12  0:02  Probe (Chrono Boost)  
  13  0:12  Probe (Chrono Boost)  
  14  0:18  Pylon  
  14  0:23  Probe (Chrono Boost)  
  15  0:36  Probe (Chrono Boost)  
  15  0:42  Gateway  
  16  0:46  Probe (Chrono Boost)  
  18  0:57  Probe (Chrono Boost)  
  18  1:00  Assimilator  
  18  1:03  Assimilator  
  18  1:07  Probe (Chrono Boost)  
  19  1:18  Probe (Chrono Boost)  
  20  1:28  Probe (Chrono Boost)  
  20  1:29  Pylon  
  21  1:36  Cybernetics Core  
  21  1:39  Probe (Chrono Boost)  
  22  1:49  Zealot  
  22  1:50  Probe (Chrono Boost)  
  25  2:00  Probe (Chrono Boost)  
  28  2:16  Mothership Core (Chrono Boost)  
  28  2:19  Warp Gate  
  28  2:30  Pylon  
  28  2:36  Stargate  
  28  2:45  Nexus  
  28  2:48  Stalker  
  29  2:51  Probe (Chrono Boost)  
  31  3:15  Oracle  
  31  3:16  Probe (Chrono Boost)  
  35  3:28  Probe (Chrono Boost)  
  35  3:40  Probe (Chrono Boost)  
  36  3:52  Twilight Council, Probe (Chrono Boost)  
  37  3:58  Probe (Chrono Boost)  
  38  4:03  Probe (Chrono Boost)  
  38  4:09  Robotics Facility, Probe (Chrono Boost)  
  40  4:14  Gateway, Probe (Chrono Boost)  
  41  4:19  Probe (Chrono Boost)  
  42  4:24  Blink  
  42  4:25  Probe (Chrono Boost)  
  43  4:34  Probe (Chrono Boost)  
  43  4:36  Probe (Chrono Boost)  
  40  4:40  Stalker  
  40  4:44  Pylon  
  42  4:51  Gateway  
  42  4:53  Pylon  
  42  4:56  Probe (Chrono Boost)  
  42  4:57  Probe (Chrono Boost)  
  44  5:00  Observer  
  44  5:06  Stalker  
  48  5:08  Probe (Chrono Boost)  
  48  5:09  Probe (Chrono Boost)  
  48  5:12  Stalker  
  47  5:23  Probe (Chrono Boost)  
  47  5:24  Probe (Chrono Boost)  
  47  5:25  Assimilator  
  47  5:26  Assimilator, Pylon  
  49  5:30  Stalker  
  51  5:37  Probe (Chrono Boost)  
  51  5:38  Stalker, Probe (Chrono Boost)  
  55  5:44  Nexus  
  54  5:50  Stalker  
  54  5:55  Probe (Chrono Boost)  
  54  5:56  Probe (Chrono Boost)  
  58  5:58  Pylon  
  58  6:00  Stalker  
  58  6:01  Stalker  
  62  6:08  Probe (Chrono Boost)  
  64  6:12  Probe (Chrono Boost)  
  64  6:13  Stalker  
  66  6:21  Probe (Chrono Boost)  
  66  6:24  Gateway  
  67  6:27  Gateway  
  67  6:29  Gateway  
  67  6:31  Stalker  
  69  6:34  Stalker  
  71  6:41  Stalker  
  71  6:46  Probe (Chrono Boost)  
  74  6:53  Probe (Chrono Boost)  
  69  6:55  Stalker  
  69  7:01  Probe (Chrono Boost)  
  73  7:02  Probe (Chrono Boost)  
  73  7:04  Stalker  
  73  7:05  Stalker  
  77  7:12  Probe (Chrono Boost)  
  78  7:33  Pylon, Probe (Chrono Boost)  
  78  7:34  Probe (Chrono Boost)  
  78  7:35  Probe (Chrono Boost)  
  79  7:43  Templar Archives  
  79  7:44  Probe (Chrono Boost)  
  80  7:46  Probe (Chrono Boost)  
  80  7:47  Probe (Chrono Boost)  
  80  7:48  Stalker x4  
  90  7:51  Stalker  
  90  7:54  Stalker, Probe (Chrono Boost)  
  97  7:59  Probe x2 (Chrono Boost), Forge  
  97  8:03  Gateway  
  97  8:11  Probe (Chrono Boost)  
  97  8:12  Pylon  
  98  8:13  Pylon  
  98  8:24  Probe x2 (Chrono Boost)  
  98  8:27  Assimilator  
  100  8:29  Protoss Ground Weapons Level 1  
  100  8:30  Assimilator, Probe (Chrono Boost)  
  100  8:32  High Templar  
  100  8:33  High Templar x3  
  100  8:34  High Templar  
  111  8:35  Gateway  
  111  8:36  Probe x2 (Chrono Boost), High Templar  
  115  8:50  Nexus  
  115  8:57  Archon x3  
  115  9:02  Pylon  
  115  9:04  Probe (Chrono Boost)  
  115  9:06  Pylon  
  116  9:11  High Templar  
  116  9:12  High Templar  
  116  9:17  Stalker x2  
  124  9:27  Stalker x3  
  124  9:29  Archon  
  128  9:32  Warp Prism  
  128  9:35  Stalker  
  132  9:42  Stalker x2  
  136  9:50  Stalker x2  
  140  9:54  Charge  
  140  10:03  Probe (Chrono Boost)  
  140  10:05  Pylon  
  141  10:07  Pylon  
  141  10:08  Pylon  
  141  10:10  Pylon  
  141  10:11  Pylon  
  141  10:20  Stalker x4  
  141  10:21  Stalker x3  
  156  10:30  Probe (Chrono Boost)  
  156  10:31  Photon Cannon, Probe (Chrono Boost)  
  156  10:33  Probe (Chrono Boost)  
  158  10:38  Immortal  
  156  10:44  High Templar x2  
  156  10:45  Stalker  
  156  10:48  Archon  
  161  10:50  Zealot  
  161  10:51  Zealot x4  
  161  10:55  Assimilator  
  171  10:58  Assimilator  
  163  11:18  High Templar x2  
  163  11:19  Stalker x5  
  163  11:20  Stalker  
  163  11:25  Gateway x2, Archon  
  177  11:27  Pylon  
  177  11:29  Gateway  
  177  11:32  Gateway  
  177  11:35  Pylon  
  163  11:47  Zealot x4  
  163  11:48  Zealot  
  171  12:04  High Templar x3  
  171  12:06  Nexus  
  171  12:07  Pylon  
  175  12:10  Archon  
  175  12:11  High Templar  
  175  12:13  Zealot x4  
  185  12:17  Archon  
  185  12:30  Zealot  
  185  12:31  Zealot x3  
  185  12:34  Zealot x3  
  107  13:06  High Templar x5  
  107  13:07  High Templar x6  
  107  13:10  Archon x3  
  107  13:11  Archon x2  
  127  13:13  Zealot  
  130  13:20  Probe x2 (Chrono Boost)  
  130  13:21  Probe (Chrono Boost)  
  130  13:22  Probe (Chrono Boost)  
  130  13:26  Assimilator  
  133  13:28  Immortal  
  133  13:29  Assimilator  
  133  13:30  Gateway  
  137  13:34  Gateway  
  137  13:35  High Templar  
  137  13:39  Stalker x4  
  137  13:40  Stalker x5  
  137  13:41  Stalker  
  159  13:42  Zealot  
  159  13:44  Archon  
  145  14:03  High Templar x2  
  145  14:04  Zealot x4  
  145  14:05  Zealot x2  
  145  14:06  Stalker x2  
  145  14:07  Stalker x2  
  145  14:09  Archon  
  167  14:35  Stalker x4  
  167  14:36  Stalker x4  
  149  14:43  Protoss Ground Weapons Level 2, Stalker  
  149  14:44  Stalker x3  
  157  14:55  Stalker  
  157  14:56  Stalker  
  109  15:24  Stalker x4  
  109  15:25  Stalker x2  
  109  15:26  Zealot x4  
  109  15:27  Zealot x4  
  133  15:47  Stalker  
  133  15:48  Stalker x7  
  133  15:49  Stalker x4  
  157  15:51  Zealot  
  157  15:55  Stalker  
  161  16:17  Stalker x5  
  161  16:18  Stalker x4  
  161  16:46  Zealot x5  
  159  16:48  Zealot  
  159  16:49  Zealot x7  
  141  17:25  High Templar x7  
  141  17:26  High Templar x5  
  149  17:31  Archon x2  
  149  17:32  Archon x3  
  149  17:33  Archon  
  141  17:41  Nexus  
  133  17:49  Stalker x2  
  137  17:57  Stalker  
  137  17:58  Stalker x6  
  145  17:59  Stalker x5  
  101  18:17  Zealot x2  
  69  18:35  Stalker x3  
  69  18:36  Stalker x5  
  69  18:37  Stalker  
  71  18:56  Zealot x3  
  71  18:57  Zealot  
  77  19:36  Stalker x5  
  81  19:45  Zealot  
  81  19:51  Zealot  
  73  20:57  Pylon  
  73  20:59  Stalker x3  
  73  21:00  Stalker x3  
  85  21:24  Stalker x4  
  90  21:30  Stalker  
  86  22:00  Stalker  
  86  22:01  Stalker x4  
  72  22:21  Dark Shrine  
  68  22:50  Nexus  
Show
View Real Time Build Order
Export as new Build Order

MCanning Protoss - Winner!

Build Orders: Phoenix Opening 

Get SALT Encoding   

  12  0:00  Probe (Chrono Boost)  
  13  0:11  Probe (Chrono Boost)  
  14  0:17  Pylon  
  14  0:22  Probe (Chrono Boost)  
  15  0:35  Probe (Chrono Boost)  
  16  0:38  Gateway  
  16  0:47  Pylon  
  16  0:50  Probe (Chrono Boost)  
  16  0:56  Assimilator  
  17  1:04  Assimilator  
  17  1:06  Probe (Chrono Boost)  
  18  1:16  Probe (Chrono Boost)  
  19  1:25  Cybernetics Core  
  19  1:27  Probe (Chrono Boost)  
  20  1:37  Probe (Chrono Boost)  
  20  1:38  Pylon  
  21  1:53  Probe (Chrono Boost)  
  22  2:02  Stalker  
  22  2:04  Mothership Core (Chrono Boost)  
  26  2:18  Pylon  
  26  2:22  Stargate  
  26  2:31  Probe (Chrono Boost)  
  27  2:41  Probe (Chrono Boost)  
  28  2:49  Pylon  
  28  2:50  Pylon  
  28  2:51  Pylon  
  28  2:55  Pylon  
  27  3:02  Phoenix  
  29  3:19  Nexus  
  30  3:27  Probe (Chrono Boost)  
  30  3:34  Phoenix  
  30  3:39  Probe (Chrono Boost)  
  33  3:51  Probe (Chrono Boost)  
  34  3:56  Phoenix  
  34  3:58  Assimilator  
  37  4:03  Warp Gate  
  37  4:04  Probe (Chrono Boost)  
  37  4:05  Pylon  
  37  4:16  Probe (Chrono Boost)  
  38  4:20  Phoenix  
  40  4:28  Probe (Chrono Boost)  
  41  4:34  Probe (Chrono Boost)  
  42  4:40  Probe (Chrono Boost)  
  42  4:44  Probe (Chrono Boost)  
  43  4:47  Robotics Facility  
  43  4:50  Probe (Chrono Boost)  
  44  4:54  Phoenix  
  44  4:55  Probe (Chrono Boost)  
  47  5:01  Probe (Chrono Boost)  
  47  5:05  Probe (Chrono Boost)  
  49  5:11  Probe (Chrono Boost)  
  50  5:16  Probe (Chrono Boost)  
  50  5:19  Phoenix  
  53  5:22  Probe (Chrono Boost)  
  53  5:26  Sentry, Probe (Chrono Boost)  
  57  5:32  Pylon  
  57  5:33  Probe (Chrono Boost)  
  58  5:36  Observer  
  58  5:37  Probe (Chrono Boost)  
  60  5:43  Probe (Chrono Boost)  
  60  5:44  Pylon  
  60  5:47  Probe (Chrono Boost)  
  62  5:54  Probe (Chrono Boost)  
  63  5:57  Immortal  
  63  5:58  Pylon, Probe (Chrono Boost)  
  63  6:02  Assimilator  
  68  6:06  Probe (Chrono Boost)  
  69  6:13  Nexus  
  69  6:19  Pylon  
  69  6:23  Sentry  
  71  6:30  Stargate  
  71  6:31  Immortal  
  71  6:36  Pylon, Probe (Chrono Boost)  
  76  6:42  Void Ray  
  80  6:49  Probe (Chrono Boost)  
  80  6:53  Probe (Chrono Boost)  
  82  6:59  Gateway  
  82  7:04  Probe x2 (Chrono Boost)  
  82  7:05  Assimilator, Immortal  
  83  7:10  Adept  
  89  7:21  Probe (Chrono Boost)  
  90  7:22  Robotics Bay  
  90  7:26  Pylon  
  90  7:27  Mothership Core (Chrono Boost)  
  90  7:35  Probe (Chrono Boost)  
  91  7:37  Probe (Chrono Boost), Void Ray  
  91  7:42  Void Ray  
  101  7:52  Probe (Chrono Boost)  
  101  7:53  Probe (Chrono Boost)  
  101  7:54  Forge  
  101  7:55  Probe (Chrono Boost)  
  103  7:59  Pylon  
  103  8:04  Probe x2 (Chrono Boost)  
  106  8:07  Adept, Probe (Chrono Boost)  
  106  8:11  Pylon  
  108  8:13  Pylon  
  108  8:16  Probe (Chrono Boost)  
  108  8:17  Probe (Chrono Boost)  
  108  8:19  Disruptor  
  113  8:23  Void Ray  
  113  8:25  Probe (Chrono Boost)  
  114  8:32  Photon Cannon, Void Ray  
  114  8:33  Photon Cannon  
  118  8:40  Probe (Chrono Boost)  
  123  8:43  Assimilator  
  123  8:47  Assimilator, Pylon  
  123  8:59  Probe (Chrono Boost)  
  123  9:01  Pylon  
  123  9:02  Pylon  
  124  9:04  Disruptor  
  124  9:06  Adept x2  
  124  9:09  Probe x2 (Chrono Boost)  
  133  9:13  Void Ray  
  133  9:20  Pylon x2  
  133  9:21  Void Ray  
  137  9:28  Disruptor  
  137  9:29  Disruptor  
  141  9:43  Adept x2  
  141  9:44  Disruptor  
  148  9:46  Photon Cannon  
  148  9:48  Photon Cannon  
  148  9:51  Photon Cannon, Void Ray  
  148  9:59  Void Ray  
  156  10:09  Pylon  
  156  10:13  Adept  
  156  10:14  Adept  
  157  10:22  Disruptor  
  157  10:28  Void Ray  
  160  10:30  Pylon  
  160  10:32  Photon Cannon  
  160  10:33  Pylon  
  160  10:35  Pylon  
  164  10:38  Probe (Chrono Boost)  
  164  10:39  Pylon x2  
  164  10:41  Pylon  
  165  10:42  Void Ray  
  165  10:45  Protoss Air Weapons Level 1  
  165  10:47  Protoss Ground Weapons Level 1  
  169  10:54  Photon Cannon x2  
  169  11:00  Disruptor  
  169  11:02  Fleet Beacon  
  170  11:20  Assimilator  
  170  11:22  Photon Cannon  
  170  11:25  Photon Cannon  
  170  11:29  Photon Cannon  
  168  11:46  Disruptor  
  167  11:56  Stargate  
  167  11:58  Void Ray  
  167  12:01  Pylon, Nexus, Void Ray  
  169  12:04  Pylon  
  177  12:25  Photon Cannon  
  177  12:27  Photon Cannon  
  177  12:29  Photon Cannon  
  177  12:31  Photon Cannon  
  177  12:32  Pylon  
  177  12:35  Void Ray  
  177  12:42  Graviton Catapult  
  151  12:58  Disruptor  
  151  13:01  Adept x2  
  123  13:15  Void Ray, Carrier  
  123  13:16  Carrier  
  135  13:22  Probe (Chrono Boost)  
  135  13:24  Adept x2  
  144  13:29  Probe (Chrono Boost), Disruptor  
  148  13:42  Assimilator  
  148  13:45  Assimilator  
  148  13:48  Photon Cannon  
  146  13:50  Photon Cannon x2  
  146  13:54  Adept x2  
  142  14:00  Disruptor  
  142  14:08  Mothership Core (Chrono Boost)  
  147  14:13  Void Ray  
  147  14:15  Adept x2  
  151  14:19  Gateway  
  151  14:23  Gateway  
  153  14:32  Disruptor  
  153  14:36  Adept x2  
  146  14:44  Void Ray  
  145  14:52  Nexus  
  145  14:55  Pylon x2  
  143  15:06  Disruptor  
  147  15:11  Carrier  
  146  15:18  Adept  
  146  15:19  Adept  
  146  15:29  Mothership Core (Chrono Boost)  
  143  15:36  Carrier  
  144  15:51  Carrier  
  144  15:54  Photon Cannon  
  150  16:17  Adept x3  
  156  16:32  Disruptor  
  145  16:56  Assimilator, Probe (Chrono Boost)  
  145  16:58  Adept x2, Probe x2 (Chrono Boost)  
  147  17:01  Assimilator  
  147  17:08  Disruptor  
  132  17:28  Probe (Chrono Boost)  
  123  17:44  Adept x3  
  123  17:50  Disruptor  
  132  17:54  Nexus  
  132  17:56  Pylon  
  108  18:21  Adept  
  108  18:22  Adept x2  
  108  18:26  Disruptor  
  118  18:36  Probe (Chrono Boost)  
  118  18:45  Adept x3  
  118  19:11  Adept x3  
  119  19:21  Void Ray  
  88  19:41  Disruptor  
  91  20:12  Disruptor  
  94  20:38  Adept x3  
  94  20:42  Pylon, Probe (Chrono Boost)  
  101  20:46  Void Ray  
  103  20:58  Disruptor  
  104  21:24  Probe (Chrono Boost), Void Ray  
  103  21:26  Probe (Chrono Boost)  
  78  22:45  Probe (Chrono Boost)  
  78  22:46  Probe (Chrono Boost)  
  78  22:47  Probe (Chrono Boost)  
Tags
 
Add a new tag
Caveats
  • Supply blocks, unpowered buildings, or Contaminate may cause inaccurate times.
  • Supply counts are checked every 10 seconds.